 Dungeon Crawl Stone Soup version 0.27-a0-1586-gd5c625afe7 (webtiles) character file.

Game seed: 14556067911081809362

15 HAL9000 the Sneak (level 2, 0/15 HPs)
             Began as a Vine Stalker Brigand on July 18, 2021.
             Slain by a gnoll (11 damage)
             ... on level 1 of the Dungeon.
             The game lasted 00:00:11 (274 turns).

HAL9000 the Sneak (Vine Stalker Brigand)             Turns: 274, Time: 00:00:11

Health: 0/15       AC:  3    Str: 13    XL:     2   Next: 50%
Magic:  0/3        EV: 11    Int: 11    God:
Gold:   14         SH:  0    Dex: 15    Spells: 1/1 levels left

rFire    . . .     SeeInvis .   a - +2 dagger
rCold    . . .     Faith    .   (no shield)
rNeg     . . .     Spirit   +   b - +0 robe
rPois    .         Reflect  .   (no helmet)
rElec    .         Harm     .   c - +0 cloak
rCorr    .         Rampage  .   (no gloves)
Will     .....                  (no boots)
Stlth    +++.......             (no amulet)
HPRegen  0.05/turn              (no ring)
MPRegen  0.08/turn              (no ring)

@: no status effects
A: fangs 2, magic shield, antimagic bite, no potion heal 2
a: no special abilities


You were on level 1 of the Dungeon.
You visited 1 branch of the dungeon, and saw 1 of its levels.

You collected 14 gold pieces.

Inventory:

Hand Weapons
 a - a +2 dagger (weapon)
Missiles
 d - 7 poisoned darts (quivered)
 e - 2 curare-tipped darts
Armour
 b - a +0 robe (worn)
 c - a +0 cloak (worn)
Scrolls
 f - a scroll of blinking {unknown}


   Skills:
 - Level 1.7 Fighting
 - Level 1.7 Short Blades
 + Level 2.7 Throwing
 - Level 0.7 Dodging
 - Level 4.8 Stealth


You had one spell level left.
You didn't know any spells.
Your spell library was empty.

Dungeon Overview and Level Annotations

Branches:
Dungeon (1/15)

Altars:


Innate Abilities, Weirdness & Mutations

You have extremely sharp teeth.
When hurt, damage is shared between your health and your magic reserves.
Your bite disrupts and absorbs the magic of your enemies.
Potions cannot restore your health.


Message History

The dart slug is poisoned.
You hit the dart slug.
You kill the dart slug!
No target in view!
No target in view!
d - 8 poisoned darts (gained 1)
A ball python comes into view.
A ball python is nearby!
You throw a poisoned dart. The poisoned dart hits the ball python.
The ball python is poisoned.
The ball python hisses angrily.
You hit the ball python.
You kill the ball python!
No target in view!
No target in view!
d - 8 poisoned darts (gained 1)
Found a stone staircase leading down.
A goblin comes into view. It is wielding a +0 club.
A bat and a gnoll come into view.
There are monsters nearby!
The goblin shouts!
You hear a shout!
The goblin hits you but does no damage.
You barely miss the goblin. Your bite misses the goblin.
The goblin barely misses you.
You hit the goblin. Your bite misses the goblin.
The goblin is heavily wounded.
The goblin hits you but does no damage.
You hit the goblin.
You kill the goblin!
No target in view!
No target in view!
Things that are here:
a +0 club; a goblin corpse You throw a poisoned dart.
The poisoned dart barely misses the gnoll.
The gnoll hits you with a +0 flail.
You barely miss the gnoll. You bite the gnoll, but do no damage.
The gnoll hits you with a +0 flail!
Ouch! That really hurt!
You die...

#######
b.(....##
.##.....###
g....b....#
##.#g#.#.#
#.#.@.#.#
#....)#.#
###.###.###
#. #...# #.
###.# #.
#.# #. #.#
#. #.# #.#


You could see a gnoll and a bat.

Vanquished Creatures
  A gnoll (D:1)
  A dart slug (D:1)
  A ball python (D:1)
  A goblin (D:1)
4 creatures vanquished.

Notes
Turn   | Place    | Note
-------+----------+-------------------------------------------
     0 | D:1      | HAL9000 the Vine Stalker Brigand began the quest for the
                  | Orb.
     0 | D:1      | Reached XP level 1. HP: 11/11 MP: 2/2
    11 | D:1      | Noticed a merfolk zombie
    37 | D:1      | Reached XP level 2. HP: 8/15 MP: 3/3
   274 | D:1      | Slain by a gnoll

Illustrated notes

Levels and vault maps discovered:
D:1:      shiori_arrival_whats_in_store_for_you, layout_loops_ring

Skill      XL: |  1 |
---------------+----+-----
Throwing       | 2 |  2.7
Fighting       | |  1.7
Short Blades   | |  1.7
Dodging        | |  0.7
Stealth        | |  4.8

Action                   || total
-------------------------++-------
Melee: Dagger            ||    10
       Bite              ||     2
Throw: Dart              ||     4
Armor: Robe              ||     2
Dodge: Dodged            ||     3

Table legend: (Time is in decaauts)
 A = Elapsed time spent in this place.
 B = Non-inter-level travel time spent in this place.
 C = Inter-level travel time spent in this place.
 D = Time resting spent in this place.
 E = Time spent auto-exploring this place.
 F = Levels seen in this place.
 G = Mean time per level.
                   A        B        C        D        E       F      G
               +--------+--------+--------+--------+--------+-----+--------+
         Total |    272 |    272 |      0 |      0 |    241 |   1 |  272.0 |
       Dungeon |    272 |    272 |      0 |      0 |    241 |   1 |  272.0 |
               +--------+--------+--------+--------+--------+-----+--------+

Top non-repeatable levels by time:
     D:1: 272 daAuts
